 Dungeon Crawl Stone Soup version 0.17.0-57-g0e89251 (webtiles) character file.

120 d23 the Skirmisher (level 4, -1/36 HPs)
             Began as a Demonspawn Berserker on Dec 8, 2015.
             Was a Believer of Trog.
             Slain by attackplan's ghost (9 damage)
             ... on level 3 of the Dungeon.
             The game lasted 00:19:36 (2074 turns).

d23 the Skirmisher (Demonspawn Berserker)           Turns: 2074, Time: 00:19:36

Health: -1/36      AC: 11    Str: 22    XL:     4   Next: 75%
Magic:  4/4        EV:  2    Int:  9    God:    Trog [**....]
Gold:   91         SH:  0    Dex: 13    Spells: 0 memorised, 3 levels left

rFire  . . .     SeeInvis .     a - +0 mace
rCold  . . .     Clarity  .     i - +0 plate armour
rNeg   . . .     SustAt   .     (no shield)
rPois  .         Gourm    .     (no helmet)
rElec  .         Spirit   .     (no cloak)
rCorr  .         Warding  .     (no gloves)
rMut   .         Stasis   .     (no boots)
MR     .....                    (no amulet)
Stlth  ..........               (no ring)
                                (no ring)

@: mighty, not resistant to hostile enchantments, extremely unstealthy
A: talons 1, powered by pain 1
a: Berserk, Trog's Hand, Burn Spellbooks, Renounce Religion


You were on level 3 of the Dungeon.
You worshipped Trog.
Trog was pleased with you.
You were not hungry.

You visited 1 branch of the dungeon, and saw 4 of its levels.

You collected 91 gold pieces.

Inventory:

Hand Weapons
 a - a +0 mace (weapon)
 d - a +0 club
 e - a +0 club
 g - a +0 spear
 t - a +0 trident
 u - a cursed -3 dagger
 v - a +0 flail
 D - a +2 dagger of pain
 G - a +0 rapier
Missiles
 j - 61 stones (quivered)
Armour
 b - a +0 animal skin
 f - a +1 ring mail
 h - a +0 robe
 i - a +0 plate armour (worn)
 p - a +0 ring mail
 w - a +0 leather armour
 x - a +0 ring mail
 y - a +0 leather armour
 A - a +0 scale mail
 E - a +0 leather armour of poison resistance
Jewellery
 z - an uncursed ring of stealth {unknown}
Wands
 I - a wand of random effects (22)
Scrolls
 k - 3 scrolls of identify
 n - 4 scrolls of amnesia
 o - a scroll of blinking {unknown}
 B - a scroll of enchant weapon {unknown}
 F - a scroll of teleportation {unknown}
 H - a scroll of recharging {unknown}
Potions
 l - a potion of degeneration {unknown}
 q - 2 potions of resistance {unknown}
 r - a potion of might {unknown}
 s - 2 potions of heal wounds
 C - a potion of mutation {unknown}
Comestibles
 c - 8 chunks of flesh
 m - a beef jerky


   Skills:
 + Level 3.6 Fighting
 + Level 3.4 Maces & Flails
 + Level 2.2 Armour
 + Level 3.1 Dodging
 + Level 0.2 Stealth


You had 3 spell levels left.
You didn't know any spells.

Dungeon Overview and Level Annotations

Branches:
Dungeon (4/15)
 Temple: D:4-7

Altars:
Xom

Annotations:
D:3 attackplan's ghost, amateur HOGl


Innate Abilities, Weirdness & Mutations

You have sharp toenails.
You sometimes gain a little power by taking damage.


Message History

You focus on the pain.
You feel very mighty all of a sudden. The goblin hits you but does no damage.
The goblin closely misses you.
There is a stone staircase leading up here.
The goblin hits you.
* * * LOW HITPOINT WARNING * * *
The goblin hits you but does no damage.
You climb upwards.
Level annotation: attackplan's ghost, amateur HOGl
There is a stone staircase leading down here.
The goblin hits you but does no damage. The goblin completely misses you.
Some of the chunks of flesh in your inventory have rotted away.
Found 13 gold pieces and a bread ration.
Found a stone staircase leading up.
There is a stone staircase leading up here.
You can't go down here!
Attackplan's ghost hits you!
You die...

########## #........#
#.......%# #########
#........#
.......@###........##
#######$Wg...........
#........#
#.......###.# ##
#..#..##.###.# ...
.#..........#g######.#
....##......#.....#..#
.#...#....b.#.......#
#.#......##........#


You could see attackplan's ghost and a goblin.

Vanquished Creatures
  An orc priest (D:3)
  3 adders (D:3)
  A giant gecko (D:1)
  8 orcs (D:3)
  A ball python (D:3)
  3 bats (D:1)
  9 goblins
  4 hobgoblins
  8 jackals
  7 kobolds
  2 giant cockroaches
  3 giant newts
  6 rats
56 creatures vanquished.

Notes
Turn   | Place    | Note
--------------------------------------------------------------
     0 | D:1      | d23 the Demonspawn Berserker began the quest for the Orb.
     0 | D:1      | Reached XP level 1. HP: 18/18 MP: 1/1
   420 | D:1      | Gained mutation: You have sharp toenails. [demonic ancestry]
   420 | D:1      | Reached XP level 2. HP: 24/24 MP: 2/2
  1052 | D:1      | Reached ** piety under Trog
  1144 | D:2      | Reached XP level 3. HP: 29/29 MP: 3/3
  1329 | D:2      | You fall through a shaft!
  1357 | D:3      | Gained mutation: You sometimes gain a little power by taking damage. [demonic ancestry]
  1357 | D:3      | Reached XP level 4. HP: 12/35 MP: 4/4
  1995 | D:3      | Found a shimmering altar of Xom.
  2013 | D:3      | Noticed attackplan's ghost (amateur HOGl)
  2074 | D:3      | Slain by attackplan's ghost

Action                   |  1- 3 |  4- 6 || total
-------------------------+-------+-------++-------
Melee: Mace              |   111 |    77 ||   188
Invok: Berserk           |     1 |       ||     1
  Use: Scroll            |     2 |       ||     2
  Eat: Chunk             |     1 |     2 ||     3
       Bread ration      |       |     1 ||     1
